AoeStats
← juancitoooo94

Runestones

508061538Analyzed
1v1 RM · 12d ago on Sep 20, 2026· 54m 14s· 2 players
Game mode
Random Map
Map size
Tiny (2 player)
Population
200
Speed
Normal
Resources
Standard
Victory
Conquest
Starting age
Dark Age
Ending age
Imperial Age
RankedLock teamsTeams togetherTeam positionsShared explorationLock speedFull tech treeHidden civsTurbo modeCheats
Victory
Defeat
🇫🇷 Romans · France
1092
+44
🇦🇷 Ethiopians · Argentina
1112
-17
SalSkA_
3:51 Loom
6:59 Loom
9:43 Feudal Age
10:46 Double-Bit Axe
12:41 Man-at-Arms
16:06 Scale Mail Armor
18:09 Horse Collar
23:37 Castle Age
22:15 Forging
23:37 Long Swordsman
24:35 Chain Mail Armor
24:52 Squires
28:49 Elite Skirmisher
31:15 Fletching
33:29 Heavy Plow
34:07 Bow Saw
36:02 Scale Barding Armor
36:26 Gold Mining
38:54 Padded Archer Armor
39:06 Stone Mining
40:20 Ballistas
41:03 Leather Archer Armor
40:43 Bodkin Arrow
41:52 Gold Shaft Mining
42:46 Wheelbarrow
41:58 Town Watch
44:44 Imperial Age
42:57 Wheelbarrow
44:41 Town Patrol
45:15 Chain Barding Armor
45:31 Iron Casting
46:38 Crop Rotation
47:53 Ring Archer Armor
47:58 Plate Barding Armor
48:24 Blast Furnace
48:03 Hand Cart
48:14 Masonry
48:25 Ballistics
47:56 Guard Tower
47:48 Onager
50:03 Architecture
49:13 Legionary
50:00 Heavy Scorpion
51:37 Conscription
52:38 Comitatenses
54:03 Elite Centurion
juancitoooo94
7:53 Loom
10:16 Feudal Age
11:14 Double-Bit Axe
14:14 Fletching
14:24 Padded Archer Armor
22:38 Castle Age
22:56 Crossbowman
23:34 Bodkin Arrow
23:54 Leather Archer Armor
26:40 Ballistics
28:51 Thumb Ring
47:53 Imperial Age
49:59 Chemistry
48:55 Arbalester
50:31 Bracer
51:01 Ring Archer Armor
Connection lost

Rejoining the realm…

Still unreachable

The connection could not be restored.

Session expired

The server has moved on; the page needs a fresh start.